 Dungeon Crawl Stone Soup version 0.25-a0-292-gaa31f046c4 (webtiles) character file.

Game seed: 3663789950752022614, levelgen mode: deterministic

161 Lanoc the Ruffian (level 5, -5/44 HPs)
             Began as a Hill Orc Transmuter on Dec 15, 2019.
             Was an Initiate of Wu Jian.
             Slain by an orc wizard
             ... wielding a +2 dagger of electrocution
              (14 damage)
             ... on level 3 of the Dungeon.
             The game lasted 00:06:30 (3728 turns).

Lanoc the Ruffian (Hill Orc Transmuter)             Turns: 3728, Time: 00:06:31

Health: -5/44      AC:  2    Str: 12 (13) XL:     5   Next: 42%
Magic:  5/7        EV: 12    Int: 13 (14) God:    Wu Jian [......]
Gold:   160        SH:  0    Dex:  9 (11) Spells: 1/7 levels left

rFire    + . .     SeeInvis .     - Unarmed
rCold    + . .     Gourm    .   (no shield)
rNeg     . . .     Faith    .   b - +0 robe
rPois    .         Spirit   .   (no helmet)
rElec    .         Reflect  .   m - scarf {rC+ rF+}
rCorr    +         Harm     .   (no gloves)
MR       .....                  (no boots)
Stlth    +.........             (no amulet)
HPRegen  0.14/turn              p - ring of resist corrosion
MPRegen  0.10/turn              (no ring)

@: appendage, very slightly contaminated
A: horns 2
a: End Transformation, Renounce Religion


You were on level 3 of the Dungeon.
You worshipped Wu Jian.
Wu Jian was noncommittal.
You were not hungry.
You had grown temporary horns.
You visited 1 branch of the dungeon, and saw 3 of its levels.

You collected 160 gold pieces.

Inventory:

Missiles
 a - 37 arrows
Armour
 b - a +0 robe (worn)
 m - a scarf of resistance (worn)
Jewellery
 p - a ring of resist corrosion (left hand)
Scrolls
 c - 6 scrolls of identify {unknown}
 f - 2 scrolls of fog {unknown}
 g - a scroll of magic mapping {unknown}
 h - a scroll of amnesia {unknown}
 i - a scroll of enchant armour {unknown}
 j - 2 scrolls of enchant weapon {unknown}
 k - 3 scrolls of remove curse {unknown}
Potions
 e - 2 potions of degeneration
 n - 2 potions of might {unknown}
 o - a potion of heal wounds {unknown}
Comestibles
 d - a ration
 l - a chunk of flesh


   Skills:
 + Level 2.8 Fighting
 + Level 2.2 Dodging
 * Level 4.7 Unarmed Combat
 - Level 1.5 Spellcasting
 * Level 2.4 Transmutations


You had one spell level left.
You knew the following spells:

 Your Spells              Type           Power        Failure   Level  Hunger
a - Beastly Appendage     Tmut           #.....       10%         1    ##.....
b - Sticks to Snakes      Tmut           #.......     14%         2    ###....
c - Spider Form           Tmut/Pois      #.........   43%         3    ####...

Your spell library contained the following spells:

 Spells                   Type           Power        Failure   Level  Hunger
 Ice Form                 Ice/Tmut       #.......     85%         4    #####..
 Blade Hands              Tmut           #.........   95%         5    ######.


Dungeon Overview and Level Annotations

Branches:
Dungeon (3/15)

Altars:
Elyvilon
Wu Jian
Yredelemnul


Innate Abilities, Weirdness & Mutations

You have a pair of horns on your head.


Message History

The orc wizard points at you and mumbles some strange words.
The magic dart hits you!
The orc wizard hits you with a +2 dagger of electrocution.
You are electrocuted!
You are too injured to fight recklessly!
You are too injured to fight recklessly!
Casting: Beastly Appendage (safe; 10% risk of failure)
Confirm with . or Enter, or press ? or * to list all spells.
You miscast Beastly Appendage.
You are very lightly contaminated with residual magic.
Nothing appears to happen.
The orc wizard hits you with a +2 dagger of electrocution.
* * * LOW HITPOINT WARNING * * *
Casting: Beastly Appendage (safe; 10% risk of failure)
Confirm with . or Enter, or press ? or * to list all spells.
You grow a pair of large bovine horns.
The orc wizard hits you with a +2 dagger of electrocution.
* * * LOW HITPOINT WARNING * * *
You are electrocuted!
You die...

######......)....#
.)......########.#
#..####.# #.# #..#
#.# #.# #..# #.#
#.# #..# #.# #)#
#... ..# ###)#
##.## ###
#...####### ..#
#..@.......
#.o#####.## #..
#.. ... ... ##.#
#.# #. #.# #. #.#
#.#


You could see an orc wizard.

Vanquished Creatures
  A crimson imp (D:2)
  An orc priest (D:3)
  An adder (D:2)
  An ooze (D:1)
  2 worms
  A dart slug (D:1)
  2 leopard geckos
  9 orcs (D:3)
  7 bats
  3 giant cockroaches
  7 hobgoblins
  2 jackals (D:1)
  A ball python (D:1)
  3 frilled lizards
  7 goblins
  8 kobolds
  11 rats
67 creatures vanquished.

Vanquished Creatures (collateral kills)
  3 orcs (D:3)
3 creatures vanquished.

Grand Total: 70 creatures vanquished

Notes
Turn   | Place    | Note
-------+----------+-------------------------------------------
     0 | D:1      | Lanoc the Hill Orc Transmuter began the quest for the Orb.
     0 | D:1      | Reached XP level 1. HP: 16/16 MP: 3/3
    88 | D:1      | Reached XP level 2. HP: 6/23 MP: 4/4
   717 | D:1      | Reached XP level 3. HP: 27/29 MP: 3/5
   897 | D:1      | Reached skill level 4 in Unarmed Combat
  1625 | D:2      | Learned a level 2 spell: Sticks to Snakes
  1818 | D:2      | Reached XP level 4. HP: 34/36 MP: 4/6
  2526 | D:2      | Found a white marble altar of Elyvilon.
  2578 | D:2      | Found a basalt altar of Yredelemnul.
  3157 | D:3      | Reached XP level 5. HP: 39/42 MP: 5/7
  3208 | D:3      | Found an ornate altar of the Wu Jian Council.
  3224 | D:3      | Became a worshipper of the Wu Jian Council
  3245 | D:3      | HP: 1/42 [orc priest/+0 morningstar (13)]
  3493 | D:3      | Noticed an ogre
  3681 | D:3      | Learned a level 3 spell: Spider Form
  3728 | D:3      | Slain by an orc wizard

Levels and vault maps discovered:
D:1:      kennysheep_arrival_seaside, layout_loops_corners
D:2:      layout_basic, kennysheep_ying_yang, lemuel_another_geyser
D:3:      layout_loops_ring, lemuel_crystal_altar, grunt_ministairs_5

Skill      XL: |  1  2  3  4 |
---------------+-------------+-----
Fighting       | 2 |  2.8
Unarmed Combat | 4 |  4.7
Dodging        | 2 |  2.2
Transmutations | 2 |  2.4
Spellcasting   | |  1.5

Action                   |  1- 3 |  4- 6 || total
-------------------------+-------+-------++-------
Melee: Unarmed           |   136 |   163 ||   299
       Kick              |     4 |    11 ||    15
       Headbutt          |     6 |     9 ||    15
       Punch             |     1 |     3 ||     4
 Cast: Beastly Appendage |    16 |    20 ||    36
       Sticks to Snakes  |       |     7 ||     7
Invok: Lunge             |       |     3 ||     3
  Use: Potion            |       |     3 ||     3
  Eat: Chunk             |     3 |     8 ||    11
Armor: Robe              |    22 |    16 ||    38
       Skin              |       |     5 ||     5
Dodge: Dodged            |    88 |    73 ||   161

Table legend:
 A = Non-vault XP
 B = Vault XP
 C = Vault XP percentage of total XP
 D = Non-vault monster count
 E = Vault monster count
 F = Vault count percentage of total count
                 A         B        C        D         E       F
            +---------+---------+-------+---------+---------+-------
      Total |     230 |       0 |   0.0 |      70 |       0 |   0.0
            +---------+---------+-------+---------+---------+-------
        D:1 |      55 |       0 |   0.0 |      30 |       0 |   0.0
        D:2 |      81 |       0 |   0.0 |      15 |       0 |   0.0
        D:3 |      94 |       0 |   0.0 |      25 |       0 |   0.0
            +---------+---------+-------+---------+---------+-------
